[ AOE2 MATCH · #504769383 ]
UnrankedWu vs Ethiopians
Player's team · WIN
[ REPLAY ANALYSIS · EXTRACTED FROM THE RECORDED GAME ]
Feudal
10:38
Castle
20:15
Imperial
34:21
| APM avg | 39.1 |
| APM peak | 81 |
| eAPM avg | 20.2 |
| Villagers / military | 106 / 52 |
Focus
⚔️ 33.4% · 🌾 66.6%
Cavalry Archer ×22 · Archer ×13 · Skirmisher ×10 · Monk ×4 · Militia ×3 · Unknown (1974) ×2
Feudal
9:32
Castle
23:32
Imperial
—
| APM avg | 40.2 |
| APM peak | 71 |
| eAPM avg | 26.8 |
| Villagers / military | 86 / 45 |
Focus
⚔️ 36.5% · 🌾 63.5%
Archer ×25 · Shotel Warrior ×17 · Scorpion ×2 · Mangonel ×1
Match map
Initial resources + every placement click. Lines = walls · curves = elevation contours. ◆ gold · ⬟ stone · ● berries · ✦ relic · ◌ wall gap
Your base· ✓ Closed at 20:15 · 27t walls · no gate
TGT | Sera's base· ✓ Closed at 23:32 · 55t walls · 2 gate(s)
Smoothed initial terrain · ◌ = detected wall gap · hover for details
Inputs per minute
— DS_Kawakaze - - TGT | Sera
Build order — DS_Kawakaze
First 150 of 278 actions detected
| 0:01 | Queue | Villager (Male) ×4 |
| 0:02 | Build | House |
| 0:03 | Build | House |
| 1:28 | Queue | Villager (Male) |
| 1:44 | Queue | Villager (Male) |
| 2:02 | Queue | Villager (Male) |
| 2:10 | Build | Lumber Camp |
| 2:19 | Queue | Villager (Male) |
| 2:38 | Queue | Villager (Male) |
| 3:07 | Queue | Villager (Male) |
| 3:32 | Queue | Villager (Male) |
| 3:53 | Build | House |
| 4:00 | Queue | Villager (Male) |
| 4:25 | Queue | Villager (Male) |
| 4:48 | Queue | Villager (Male) |
| 4:58 | Build | Barracks |
| 5:06 | Queue | Villager (Male) |
| 5:30 | Build | House |
| 5:34 | Queue | Villager (Male) |
| 5:37 | Queue | Villager (Male) |
| 5:53 | Queue | Militia |
| 5:56 | Queue | Militia |
| 6:19 | Queue | Militia |
| 6:29 | Build | Mill |
| 6:36 | Queue | Villager (Male) |
| 7:15 | Research | Loom |
| 7:26 | Build | House |
| 7:47 | Build | Mill |
| 7:53 | Queue | Villager (Male) |
| 8:28 | Research | Feudal Age |
| 9:06 | Queue | Villager (Male) |
| 9:11 | Build | Lumber Camp |
| 9:17 | Build | Mining Camp |
| 9:31 | Build | Farm |
| 9:35 | Build | House |
| 10:17 | Build | Palisade Wall |
| 10:28 | Queue | Villager (Male) |
| 10:38 | Age | Feudal Age |
| 10:45 | Build | Archery Range |
| 10:47 | Research | Double-Bit Axe |
| 10:50 | Build | Archery Range |
| 10:56 | Research | Man-at-Arms (upgrade) |
| 11:07 | Queue | Villager (Male) |
| 11:24 | Queue | Villager (Male) |
| 11:31 | Build | Farm |
| 11:36 | Build | House |
| 11:39 | Build | Palisade Wall |
| 11:46 | Queue | Archer |
| 11:50 | Queue | Villager (Male) |
| 11:56 | Queue | Villager (Male) |
| 11:58 | Build | Farm |
| 12:01 | Build | Farm |
| 12:06 | Queue | Archer |
| 12:09 | Queue | Villager (Male) |
| 12:21 | Build | Farm |
| 12:39 | Queue | Villager (Male) |
| 12:41 | Build | Farm |
| 12:44 | Build | Farm |
| 12:50 | Queue | Villager (Male) |
| 13:03 | Queue | Archer |
| 13:04 | Queue | Villager (Male) |
| 13:11 | Build | Farm |
| 13:14 | Build | Farm |
| 13:26 | Queue | Archer |
| 13:27 | Queue | Villager (Male) |
| 13:29 | Build | House |
| 13:38 | Queue | Skirmisher |
| 13:48 | Queue | Archer |
| 13:52 | Queue | Villager (Male) |
| 13:54 | Build | Farm |
| 14:03 | Build | House |
| 14:18 | Build | Blacksmith |
| 14:22 | Queue | Villager (Male) |
| 14:30 | Queue | Archer |
| 14:33 | Build | Farm |
| 14:50 | Queue | Archer |
| 15:04 | Build | House |
| 15:08 | Build | Palisade Wall |
| 15:13 | Research | Fletching |
| 15:34 | Build | Farm |
| 15:42 | Queue | Villager (Male) |
| 15:44 | Build | Farm |
| 15:55 | Queue | Archer |
| 15:59 | Build | Farm |
| 16:37 | Queue | Villager (Male) |
| 16:39 | Research | Padded Archer Armor |
| 16:41 | Queue | Skirmisher |
| 16:59 | Queue | Villager (Male) |
| 17:08 | Build | Farm |
| 17:35 | Research | Castle Age |
| 17:45 | Build | Market |
| 17:48 | Build | House |
| 17:57 | Queue | Skirmisher |
| 18:03 | Build | House |
| 18:10 | Queue | Archer |
| 18:15 | Build | Archery Range |
| 18:28 | Queue | Skirmisher |
| 18:32 | Research | Horse Collar |
| 18:36 | Build | House |
| 18:37 | Build | House |
| 18:49 | Research | Gold Mining |
| 18:57 | Queue | Skirmisher |
| 19:09 | Queue | Villager (Male) |
| 19:10 | Queue | Skirmisher |
| 19:10 | Queue | Skirmisher |
| 19:23 | Queue | Skirmisher |
| 19:26 | Queue | Skirmisher |
| 19:37 | Build | Farm |
| 19:38 | Queue | Skirmisher |
| 20:15 | Age | Castle Age |
| 20:20 | Queue | Unit 1974 |
| 20:22 | Queue | Villager (Male) |
| 20:24 | Research | Bodkin Arrow |
| 20:28 | Research | Bow Saw |
| 20:31 | Build | Town Center |
| 20:35 | Queue | Unit 1974 |
| 20:50 | Queue | Villager (Male) |
| 20:53 | Queue | Villager (Male) |
| 21:08 | Build | Farm |
| 21:09 | Queue | Villager (Male) |
| 21:14 | Queue | Villager (Male) |
| 21:36 | Build | Farm |
| 21:37 | Build | Farm |
| 21:38 | Queue | Villager (Male) |
| 21:42 | Build | Farm |
| 21:43 | Build | Farm |
| 21:48 | Queue | Villager (Male) |
| 21:59 | Queue | Villager (Male) |
| 22:11 | Queue | Villager (Male) |
| 22:19 | Queue | Villager (Male) |
| 22:22 | Queue | Villager (Male) |
| 22:24 | Queue | Archer |
| 22:24 | Queue | Archer |
| 22:40 | Research | Town Watch |
| 23:01 | Queue | Villager (Male) |
| 23:03 | Queue | Villager (Male) |
| 23:13 | Queue | Villager (Male) |
| 23:14 | Queue | Archer |
| 23:15 | Queue | Archer |
| 23:19 | Build | Town Center |
| 23:22 | Build | Farm |
| 23:26 | Build | Farm |
| 23:26 | Queue | Villager (Male) |
| 23:28 | Build | Farm |
| 23:30 | Build | Farm |
| 23:42 | Queue | Villager (Male) |
| 23:59 | Queue | Cavalry Archer |
| 23:59 | Queue | Cavalry Archer |
| 24:02 | Build | Farm |
| 24:03 | Queue | Villager (Male) |
Build order — TGT | Sera
First 150 of 255 actions detected
| 0:00 | Queue | Villager (Male) ×4 |
| 0:01 | Build | House |
| 0:02 | Build | House |
| 1:10 | Queue | Villager (Male) |
| 1:57 | Queue | Villager (Male) |
| 2:15 | Queue | Villager (Male) |
| 2:15 | Queue | Villager (Male) |
| 2:17 | Build | Lumber Camp |
| 2:44 | Queue | Villager (Male) |
| 2:54 | Queue | Villager (Male) |
| 3:10 | Build | House |
| 3:26 | Queue | Villager (Male) |
| 3:53 | Build | House |
| 4:14 | Queue | Villager (Male) |
| 4:14 | Queue | Villager (Male) |
| 4:15 | Queue | Villager (Male) |
| 4:26 | Build | Palisade Wall |
| 4:27 | Build | Palisade Wall |
| 4:29 | Build | Palisade Wall |
| 4:30 | Build | Palisade Wall |
| 4:31 | Build | Palisade Wall |
| 4:31 | Build | Palisade Wall |
| 4:37 | Queue | Villager (Male) |
| 5:05 | Queue | Villager (Male) |
| 5:15 | Build | Mining Camp |
| 5:50 | Build | Palisade Wall |
| 5:51 | Build | Palisade Wall |
| 5:52 | Build | Palisade Wall |
| 5:54 | Build | Palisade Wall |
| 6:11 | Research | Loom |
| 6:45 | Queue | Villager (Male) |
| 7:13 | Build | Mill |
| 7:22 | Research | Feudal Age |
| 8:06 | Build | House |
| 8:25 | Build | Palisade Wall |
| 8:34 | Build | House |
| 8:35 | Build | Palisade Wall |
| 8:36 | Build | Palisade Wall |
| 8:37 | Build | Palisade Wall |
| 8:46 | Build | Palisade Gate |
| 8:56 | Build | Palisade Wall |
| 8:59 | Build | Palisade Wall |
| 9:11 | Build | Barracks |
| 9:24 | Build | Palisade Wall |
| 9:26 | Build | Palisade Wall |
| 9:32 | Age | Feudal Age |
| 9:36 | Research | Double-Bit Axe |
| 9:36 | Research | Double-Bit Axe |
| 9:38 | Queue | Villager (Male) |
| 9:43 | Build | Palisade Wall |
| 9:47 | Build | Palisade Wall |
| 9:52 | Build | Palisade Wall |
| 9:53 | Build | Palisade Wall |
| 9:57 | Build | Palisade Wall |
| 10:00 | Build | Palisade Gate |
| 10:08 | Queue | Villager (Male) |
| 10:11 | Build | Archery Range |
| 10:24 | Queue | Villager (Male) |
| 10:29 | Build | Farm |
| 10:43 | Build | Farm |
| 10:51 | Queue | Archer |
| 10:51 | Queue | Archer |
| 11:03 | Build | House |
| 11:04 | Build | Palisade Wall |
| 11:07 | Build | Farm |
| 11:14 | Build | House |
| 11:20 | Queue | Villager (Male) |
| 11:21 | Queue | Villager (Male) |
| 11:24 | Build | Farm |
| 11:44 | Queue | Villager (Male) |
| 11:45 | Queue | Archer |
| 11:49 | Build | Farm |
| 11:59 | Build | House |
| 12:03 | Queue | Archer |
| 12:10 | Queue | Villager (Male) |
| 12:14 | Build | House |
| 12:16 | Build | Palisade Wall |
| 12:21 | Build | House |
| 12:22 | Build | Palisade Wall |
| 12:23 | Build | Palisade Wall |
| 12:32 | Build | House |
| 12:35 | Build | Palisade Wall |
| 12:41 | Build | Palisade Wall |
| 12:46 | Build | Palisade Wall |
| 12:56 | Queue | Villager (Male) |
| 13:02 | Build | Palisade Wall |
| 13:02 | Build | Palisade Wall |
| 13:07 | Queue | Archer |
| 13:21 | Queue | Archer |
| 13:37 | Queue | Archer |
| 13:49 | Queue | Villager (Male) |
| 13:51 | Queue | Archer |
| 13:53 | Queue | Archer |
| 14:00 | Build | Palisade Wall |
| 14:07 | Queue | Villager (Male) |
| 14:18 | Queue | Villager (Male) |
| 14:19 | Queue | Archer |
| 14:30 | Build | House |
| 14:30 | Build | Palisade Wall |
| 14:40 | Queue | Villager (Male) |
| 14:52 | Queue | Archer |
| 14:53 | Queue | Villager (Male) |
| 15:03 | Build | Blacksmith |
| 15:06 | Build | Farm |
| 15:07 | Build | Farm |
| 15:09 | Queue | Villager (Male) |
| 15:16 | Queue | Archer |
| 15:26 | Research | Horse Collar |
| 15:26 | Research | Horse Collar |
| 15:36 | Queue | Archer |
| 15:42 | Queue | Villager (Male) |
| 15:53 | Research | Fletching |
| 15:55 | Build | House |
| 15:56 | Build | House |
| 15:57 | Build | Palisade Wall |
| 15:58 | Build | Palisade Wall |
| 16:05 | Queue | Archer |
| 16:18 | Build | Archery Range |
| 16:21 | Queue | Villager (Male) |
| 16:30 | Queue | Archer |
| 16:38 | Build | Farm |
| 16:38 | Queue | Villager (Male) |
| 16:52 | Research | Gold Mining |
| 17:12 | Queue | Villager (Male) |
| 17:14 | Queue | Archer |
| 17:14 | Queue | Archer |
| 17:25 | Build | Lumber Camp |
| 17:32 | Queue | Archer |
| 17:35 | Queue | Villager (Male) |
| 17:44 | Build | Farm |
| 18:01 | Queue | Archer |
| 18:08 | Queue | Villager (Male) |
| 18:09 | Research | Padded Archer Armor |
| 18:09 | Research | Padded Archer Armor |
| 18:13 | Queue | Villager (Male) |
| 18:20 | Build | Farm |
| 18:29 | Queue | Archer |
| 18:30 | Queue | Archer |
| 18:34 | Build | Farm |
| 18:53 | Queue | Archer |
| 18:54 | Queue | Villager (Male) |
| 19:09 | Queue | Archer |
| 19:09 | Queue | Archer |
| 19:10 | Queue | Archer |
| 19:11 | Queue | Villager (Male) |
| 19:28 | Build | Farm |
| 19:46 | Build | Market |
| 19:48 | Queue | Villager (Male) |
| 19:53 | Build | Farm |
| 20:52 | Research | Castle Age |
Match timeline
| 4:26 | TGT | Sera · wall_segment Palisade Wall x1 |
| 4:27 | TGT | Sera · wall_segment Palisade Wall x1 |
| 4:29 | TGT | Sera · wall_segment Palisade Wall x1 |
| 4:30 | TGT | Sera · wall_segment Palisade Wall x1 |
| 4:31 | TGT | Sera · wall_segment Palisade Wall x1 |
| 4:31 | TGT | Sera · wall_segment Palisade Wall x1 |
| 4:58 | DS_Kawakaze · first_building Barracks |
| 5:50 | TGT | Sera · wall_segment Palisade Wall x1 |
| 5:51 | TGT | Sera · wall_segment Palisade Wall x1 |
| 5:52 | TGT | Sera · wall_segment Palisade Wall x1 |
| 5:54 | TGT | Sera · wall_segment Palisade Wall x1 |
| 8:25 | TGT | Sera · wall_segment Palisade Wall x1 |
| 8:35 | TGT | Sera · wall_segment Palisade Wall x1 |
| 8:36 | TGT | Sera · wall_segment Palisade Wall x1 |
| 8:37 | TGT | Sera · wall_segment Palisade Wall x1 |
| 8:56 | TGT | Sera · wall_segment Palisade Wall x1 |
| 8:59 | TGT | Sera · wall_segment Palisade Wall x1 |
| 9:11 | TGT | Sera · first_building Barracks |
| 9:24 | TGT | Sera · wall_segment Palisade Wall x1 |
| 9:26 | TGT | Sera · wall_segment Palisade Wall x1 |
| 9:32 | TGT | Sera · age_up feudal |
| 9:43 | TGT | Sera · wall_segment Palisade Wall x1 |
| 9:47 | TGT | Sera · wall_segment Palisade Wall x1 |
| 9:52 | TGT | Sera · wall_segment Palisade Wall x1 |
| 9:53 | TGT | Sera · wall_segment Palisade Wall x1 |
| 9:57 | TGT | Sera · wall_segment Palisade Wall x2 |
| 10:11 | TGT | Sera · first_building Archery Range |
| 10:17 | DS_Kawakaze · wall_segment Palisade Wall x12 |
| 10:38 | DS_Kawakaze · age_up feudal |
| 10:45 | DS_Kawakaze · first_building Archery Range |
| 11:04 | TGT | Sera · wall_segment Palisade Wall x6 |
| 11:39 | DS_Kawakaze · wall_segment Palisade Wall x10 |
| 12:16 | TGT | Sera · wall_segment Palisade Wall x6 |
| 12:22 | TGT | Sera · wall_segment Palisade Wall x1 |
| 12:23 | TGT | Sera · wall_segment Palisade Wall x1 |
| 12:35 | TGT | Sera · wall_segment Palisade Wall x1 |
| 12:41 | TGT | Sera · wall_segment Palisade Wall x1 |
| 12:46 | TGT | Sera · wall_segment Palisade Wall x1 |
| 13:02 | TGT | Sera · wall_segment Palisade Wall x1 |
| 13:02 | TGT | Sera · wall_segment Palisade Wall x1 |
| 14:00 | TGT | Sera · wall_segment Palisade Wall x1 |
| 14:30 | TGT | Sera · wall_segment Palisade Wall x13 |
| 15:08 | DS_Kawakaze · wall_segment Palisade Wall x5 |
| 15:57 | TGT | Sera · wall_segment Palisade Wall x1 |
| 15:58 | TGT | Sera · wall_segment Palisade Wall x1 |
| 20:15 | DS_Kawakaze · age_up castle |
| 20:43 | TGT | Sera · first_market_buy 100 food |
| 23:32 | TGT | Sera · age_up castle |
| 23:49 | TGT | Sera · first_building Castle |
| 24:16 | DS_Kawakaze · first_market_buy 100 wood |
| 26:07 | DS_Kawakaze · first_building Monastery |
| 27:16 | TGT | Sera · first_market_sell 100 wood |
| 30:02 | TGT | Sera · first_building Siege Workshop |
| 31:06 | DS_Kawakaze · first_market_sell 500 wood |
| 31:45 | DS_Kawakaze · first_building Stable |
| 33:15 | DS_Kawakaze · first_building Castle |
| 33:35 | DS_Kawakaze · first_building Siege Workshop |
| 34:21 | DS_Kawakaze · age_up imperial |
| 35:29 | TGT | Sera · resign |
[ AI ANALYSIS · 1 CREDIT ]
What really happened in this match?
Wolo.gg analyzes every decision: build order, eco, micro, common mistakes by bracket. Personalized analysis on WhatsApp or Discord in 30 seconds.
Civ guide
Wu
Perfil
DS_Kawakaze